 Dungeon Crawl Stone Soup version 0.27-a0-1325-g58a489ad9e (webtiles) character file.

Game seed: 1850446488292365648

14964 puppykicker the Archer (level 11, -4/75 HPs)
             Began as a Vampire Arcane Marksman on June 24, 2021.
             Was an Elder of Fedhas.
             Slain by a tengu warrior (6 damage)
             ... on level 11 of the Dungeon on June 25, 2021.
             The game lasted 01:17:57 (16903 turns).

puppykicker the Archer (Vampire Arcane Marksman)   Turns: 16903, Time: 01:17:58

Health: -4/75      AC:  8    Str:  9    XL:     11   Next: 95%
Magic:  14/14      EV: 21    Int: 17    God:    Fedhas [****..]
Gold:   81         SH:  0    Dex: 17    Spells: 2/14 levels left

rFire    . . .     SeeInvis +   a - +8 longbow (vorpal)
rCold    . . .     Faith    .   (shield currently unavailable)
rNeg     + . .     Spirit   .   s - +0 leather armour "Qok Usko" {rPois rN+}
rPois    +         Reflect  +   x - +0 helmet
rElec    .         Harm     .   o - +2 cloak
rCorr    .         Rampage  .   j - +0 pair of gloves
Will     +....                  (no boots)
Stlth    +.........             d - amulet of reflection
HPRegen  0.42/turn              r - +4 ring of evasion
MPRegen  0.14/turn              u - +4 ring of evasion

@: confused, mighty, lethally poisoned (-4 -> -16), ambrosia-drunk, healing
quickly
A: alive, fangs 3, see invisible, vampiric 2
a: Exsanguinate, Renounce Religion, Wall of Briars, Grow Ballistomycete,
Overgrow


You were on level 11 of the Dungeon.
You worshipped Fedhas.
Fedhas was greatly pleased with you.
You visited 2 branches of the dungeon, and saw 12 of its levels.
You also visited: Bailey.

You collected 600 gold pieces.
You spent 519 gold pieces at shops.

Inventory:

Hand Weapons
 a - a +8 vorpal longbow (weapon)
 b - a +0 long sword
 e - a +2 vorpal shortbow
 h - a +0 hand axe of flaming
 w - a +1 dagger of venom
Missiles
 k - 40 poisoned darts
 A - 4 atropa-tipped darts
 D - 5 curare-tipped darts
 G - 7 silver javelins
 Q - 72 arrows (quivered ammo)
Armour
 j - a +0 pair of gloves (worn)
 o - a +2 cloak (worn)
 s - the +0 leather armour "Qok Usko" (worn) {rPois rN+}
   (You found it on level 4 of the Dungeon)

   It protects you from poison.
   It protects you from negative energy.
 x - a +0 helmet (worn)
 H - the +8 plate armour of Nojueg Mieli {Str+3}
   (You found it on level 10 of the Dungeon)

   It affects your strength (+3).
Jewellery
 d - an amulet of reflection (around neck)
 r - a +4 ring of evasion (left hand)
 u - a +4 ring of evasion (right hand)
 I - a ring of protection from cold
 P - a ring of poison resistance
 W - a ring of wizardry {Wiz+}
Wands
 m - a wand of polymorph (18)
 q - a wand of flame (23)
 C - a wand of iceblast (4)
Scrolls
 c - 2 scrolls of silence
 f - 4 scrolls of fog
 i - a scroll of identify
 n - 2 scrolls of noise {!r}
 p - 2 scrolls of magic mapping {!r}
 y - a scroll of immolation {!r}
 B - 3 scrolls of teleportation
Potions
 g - 7 potions of ambrosia
 l - a potion of flight
 v - a potion of attraction {!q}
 z - a potion of resistance


   Skills:
 - Level 3.4 Fighting
 - Level 2.9(7.2) Short Blades
 - Level 9.5(9.7) Long Blades
 + Level 11.4 Bows
 - Level 2.5 Armour
 - Level 4.4 Dodging
 - Level 4.2 Stealth
 - Level 2.0 Spellcasting
 - Level 0.9 Conjurations
 - Level 6.0 Hexes
 - Level 1.2 Translocations
 - Level 1.5 Air Magic
 - Level 1.1 Poison Magic
 - Level 4.6 Invocations


You had 2 spell levels left.
You knew the following spells:

 Your Spells              Type           Power      Damage    Failure   Level
a - Corona                Hex            24%        N/A       2%          1
b - Cause Fear            Hex            11%        N/A       22%         4
p - Blink                 Tloc           N/A        N/A       24%         2
s - Slow                  Hex            22%        N/A       3%          2
x - Mephitic Cloud        Conj/Pois/Air  5%         N/A       43%         3

Your spell library contained the following spells:

 Spells                   Type           Power      Damage    Failure   Level
 Magic Dart               Conj           20%        1d4       19%         1
 Beastly Appendage        Tmut           2%         N/A       26%         1
 Sandblast                Erth           2%         2d4       26%         1
 Call Imp                 Summ           1%         N/A       36%         2
 Wereblood                Tmut           1%         N/A       36%         2
 Portal Projectile        Hex/Tloc       28%        N/A       19%         3
 Inner Flame              Hex/Fire       11%        N/A       22%         3
 Spider Form              Tmut/Pois      1%         N/A       52%         3
 Conjure Flame            Conj/Fire      3%         6-21      54%         3
 Leda's Liquefaction      Hex/Erth       5%         N/A       58%         4
 Ice Form                 Ice/Tmut       1%         N/A       95%         4


Dungeon Overview and Level Annotations

Branches:
Dungeon (11/15)            Temple (1/1) D:5            Lair (0/6) D:10
 Bailey (visited)
    Orc: D:9-12

Altars:
Ashenzari
Cheibriados
Dithmenos
Elyvilon
Fedhas
Gozag
Hepliaklqana
Kikubaaqudgha
Makhleb
Nemelex Xobeh
Okawaru
Qazlal
Ru
Sif Muna
Trog
Uskayaw
Vehumet
Wu Jian
Xom
Yredelemnul
Zin
The Shining One

Shops:
D:1 *   D:4 (   D:7 *(=(=   D:8 *   D:10 *((:


Innate Abilities, Weirdness & Mutations

Your natural rate of healing is accelerated.
You have razor-sharp teeth.
You have supernaturally acute eyesight. (SInv)
You are afflicted with vampirism and can become a bat while bloodless.


Message History

The tengu warrior hits you with a +3 long sword of venom!
* * * LOW HITPOINT WARNING * * *
You are lethally poisoned!
The tengu warrior pecks you.
* * * LOW HITPOINT WARNING * * *
The tengu warrior claws you but does no damage.
You take 11 damage, and have 15/75 hp.
Press: ? - help, v - describe, . - travel
Here: a tengu warrior, wielding a +3 long sword of venom, wearing a +0 ring mail and wearing a +0 kite shield of protection (almost dead)
The floor, spattered with blood.
Unknown command.
Okay, then.
Unknown command.
Casting: Slow (safe; 3% risk of failure)
The wyvern looks frightened!
The vampire mosquito is unaffected.
The tengu warrior resists with almost no effort.
* * * LOW HITPOINT WARNING * * *
You feel extremely sick.
The tengu warrior hits you with a +3 long sword of venom.
* * * LOW HITPOINT WARNING * * *
You block the tengu warrior's attack. x2
A centaur warrior comes into view.
You take 9 damage, and have 6/75 hp.
You now have 10/14 mp.
Unknown command.
It was a potion of might.
You feel very mighty all of a sudden.
* * * LOW HITPOINT WARNING * * *
You feel very sick.
The tengu warrior completely misses you.
The tengu warrior barely misses you. You block the tengu warrior's attack.
You take 5 damage, and have 1/75 hp.
Unknown command.
You are confused.
You feel invigorated.
* * * LOW HITPOINT WARNING * * *
You feel very sick.
Cornered, the wyvern turns to fight!
The tengu warrior hits you with a +3 long sword of venom.
You die...

.#. ..#.#.# ... .....
##### .c##...#
####...####l#.#.#
##.........##.(#.######
.....###.......#....$..
##.#.#####.....hy..#
##.#..###.######Q#.#
.<.............#@#
##......###### #.#
##.#.#.# #.. #.#.#.#
###. ##.#.#.# ..
#....#.# #.# .#
#.#.#.#.# #.# # .#
.......)###.##(. .
###.#.#.....(..#


You could see a tengu warrior, a centaur warrior, a wyvern, a vampire mosquito
and a howler monkey.

Levels and vault maps discovered:
D:1:      minmay_arrival_wavy_path, layout_loops_ring,
          ebering_ecumenical_altar_mist, serial_shops, nicolae_shop_stone,
          serial_forest, infiniplex_forest_lined_room_3,
          infiniplex_forest_straight_2, infiniplex_forest_join,
          infiniplex_forest_split, infiniplex_forest_lined_room_,
          infiniplex_forest_clump_long, infiniplex_forest_straight_1,
          infiniplex_forest_clump_C, minmay_bisected
D:2:      layout_basic, minivault_27, uniq_natasha
D:3:      layout_basic, uniq_sigmund
D:4:      layout_rooms, trog_hazing_becter, kennysheep_little_box,
          lightli_sewer_entry_pipes, serial_shops, shop
D:5:      layout_loops_ring, gammafunk_temple_overflow_pools,
          old_standard_altar, minmay_temple_entry_wispy
D:6:      layout_cave_pools, lemuel_flamethrower_2
D:7:      layout_gridville, serial_shops, shop, nicolae_square_shop,
          nicolae_shop_statue_plus, shop, kennysheep_mini_moat,
          grunt_ministairs_9, uniq_crazy_yiuf_cottage
D:8:      minmay_cornered_nines, layout_loops_corners, serial_shops, shop,
          enter_bailey_6
D:9:      layout_basic
D:10:     layout_basic, zin_purify, david_lair_shrubbed, special_room
          [special_room_bee], serial_shops, shop, nicolae_inconvenience_store,
          nicolae_lakefront_shop, hex_medium
D:11:     minmay_chambers_of_sixes, layout_loops_ring, hiddenorc1_lemuel,
          minmay_pinched_square, uniq_maurice, uniq_erolcha
Temple:   nicolae_temple_x_marks_the_god

Notes
Turn   | Place    | Note
-------+----------+-------------------------------------------
     0 | D:1      | puppykicker the Vampire Arcane Marksman began the quest for
                  | the Orb.
     0 | D:1      | Reached XP level 1. HP: 14/14 MP: 2/2
    25 | D:1      | Identified a +0 leather armour
    28 | D:1      | Identified a +0 dagger
    38 | D:1      | Identified a +0 club
    48 | D:1      | Reached skill level 2 in Bows
    83 | D:1      | Identified a +0 shortbow
   130 | D:1      | Identified a +0 short sword
   137 | D:1      | HP: 3/14 [kobold (2)]
   138 | D:1      | HP: 1/14 [kobold (2)]
   250 | D:1      | Reached XP level 2. HP: 19/20 MP: 3/3
   278 | D:1      | Learned a level 2 spell: Slow
   298 | D:1      | Identified a +0 dagger
   305 | D:1      | Found Hofa Oss's General Store.
   738 | D:1      | Bought a potion of curing for 33 gold pieces
   755 | D:1      | Identified a +0 mace
   847 | D:1      | Gained mutation: You are afflicted with vampirism and can
                  | become a bat while bloodless. [Vampire growth]
   847 | D:1      | Reached XP level 3. HP: 24/25 MP: 4/4
   959 | D:1      | Reached skill level 3 in Bows
  1007 | D:1      | Identified a +0 robe
  1050 | D:1      | Found a faded altar of an unknown god.
  1629 | D:2      | Identified a +0 whip
  1697 | D:2      | Identified a +0 leather armour
  1723 | D:2      | Identified a +0 dagger
  1743 | D:2      | Identified a +0 robe
  1967 | D:2      | Noticed Natasha
  1972 | D:2      | HP: 6/25 [Natasha (4)]
  1974 | D:2      | HP: 1/25 [Natasha/magic dart (6)]
  1975 | D:2      | Killed Natasha
  1976 | D:2      | Reached XP level 4. HP: 2/31 MP: 0/5
  2183 | D:2      | Identified a +0 whip
  2473 | D:1      | Bought a scroll of teleportation for 33 gold pieces
  2599 | D:3      | Identified a +1 antimagic scythe
  2599 | D:3      | Identified a +0 robe
  2599 | D:3      | Noticed Sigmund
  2729 | D:2      | Noticed Natasha
  2741 | D:2      | HP: 3/31 [Natasha (5)]
  2743 | D:2      | Identified 2 potions of heal wounds
  2752 | D:2      | Killed Natasha
  2753 | D:2      | Reached skill level 1 in Fighting
  2942 | D:2      | Noticed Natasha
  2957 | D:2      | Killed Natasha
  2958 | D:2      | Reached skill level 1 in Stealth
  3136 | D:1      | Bought a potion of curing for 33 gold pieces
  3252 | D:3      | Identified a +0 short sword
  3258 | D:3      | Reached XP level 5. HP: 37/37 MP: 6/6
  3275 | D:3      | Identified a +0 dagger
  3333 | D:3      | Identified a +0 short sword
  3519 | D:3      | Killed Sigmund
  3520 | D:3      | Reached skill level 1 in Short Blades
  3520 | D:3      | Reached skill level 4 in Bows
  3520 | D:3      | Reached skill level 1 in Armour
  3520 | D:3      | Reached skill level 2 in Stealth
  3520 | D:3      | Reached XP level 6. HP: 36/44 MP: 1/8
  3588 | D:3      | Learned a level 4 spell: Cause Fear
  3589 | D:3      | Identified a +0 short sword
  3897 | D:3      | Identified a +0 chain mail
  3908 | D:3      | Identified a +0 arbalest
  3972 | D:4      | Identified a +0 whip
  3972 | D:4      | Identified a +0 leather armour
  3972 | D:4      | Identified a +0 club
  3972 | D:4      | Identified a +0 mace
  3972 | D:4      | Identified a +1 flail of holy wrath
  3979 | D:3      | HP: 3/44 [orc priest (9)]
  4060 | D:3      | Reached skill level 3 in Dodging
  4100 | D:3      | Reached skill level 2 in Short Blades
  4176 | D:3      | Reached skill level 2 in Spellcasting
  4325 | D:4      | HP: 7/44 [phantom (6)]
  4332 | D:4      | HP: 8/44 [phantom (5)]
  4332 | D:4      | Identified a +0 arbalest
  4334 | D:4      | Reached skill level 2 in Fighting
  4334 | D:4      | Reached skill level 1 in Long Blades
  4334 | D:4      | Reached skill level 3 in Stealth
  4416 | D:4      | Identified a +0 short sword
  4443 | D:4      | HP: 11/44 [poisoned by an adder]
  4445 | D:4      | Identified a potion of berserk rage
  4448 | D:4      | Reached XP level 7. HP: 7/50 MP: 6/10
  4449 | D:4      | HP: 7/75 [poisoned by an adder]
  4453 | D:4      | HP: 3/50 [poisoned by an adder]
  4549 | D:4      | HP: 11/50 [adder (3)]
  4552 | D:4      | HP: 5/50 [poisoned by an adder]
  4555 | D:4      | HP: 2/50 [poisoned by an adder]
  4836 | D:4      | Found Nafuraos's Antique Weapon Shoppe.
  4856 | D:4      | Identified an amulet of reflection
  5027 | D:1      | Bought a scroll of enchant weapon for 82 gold pieces
  5150 | D:4      | Identified a +0 dagger
  5160 | D:4      | Identified a +0 robe
  5176 | D:4      | Found an ornate altar of the Wu Jian Council.
  5218 | D:4      | Identified a ring of protection from cold
  5226 | D:4      | Identified the +0 leather armour "Qok Usko" {rPois rN+}
  5277 | D:4      | Identified a +0 giant spiked club
  5337 | D:4      | Reached skill level 5 in Hexes
  5459 | D:4      | Identified a +0 dagger
  5477 | D:4      | Found a bloodstained altar of Trog.
  5477 | D:4      | Identified a +0 animal skin
  5478 | D:4      | Identified a +0 animal skin
  5478 | D:4      | Identified a +0 animal skin
  5480 | D:4      | Identified a +0 animal skin
  5482 | D:4      | Identified a +0 animal skin
  5484 | D:4      | Identified a +0 animal skin
  5500 | D:4      | Reached skill level 4 in Stealth
  5637 | D:4      | Identified a +0 hand axe
  5641 | D:4      | Identified a +0 long sword
  5644 | D:4      | Identified a +0 pair of gloves
  5683 | D:4      | Reached skill level 2 in Long Blades
  5684 | D:4      | Identified a +0 leather armour
  5764 | D:5      | Entered Level 5 of the Dungeon
  5937 | D:5      | Found a staircase to the Ecumenical Temple.
  5942 | Temple   | Entered the Ecumenical Temple
  5961 | Temple   | Became a worshipper of Fedhas Madash
  6085 | D:5      | Identified a +0 robe
  6087 | D:5      | Identified a +0 rapier
  6114 | D:5      | Reached skill level 5 in Bows
  6128 | D:5      | Identified a +0 shortbow
  6142 | D:5      | Reached skill level 6 in Hexes
  6213 | D:5      | Identified a ring of positive energy
  6264 | D:5      | Reached XP level 8. HP: 56/56 MP: 11/11
  6334 | D:5      | Found a hazy altar of Hepliaklqana.
  6352 | D:5      | Identified a +0 leather armour of willpower
  6365 | D:5      | Identified the Incunabulum of the Rocks
  6381 | D:5      | Identified a +0 quarterstaff
  6435 | D:5      | Reached skill level 3 in Long Blades
  6435 | D:5      | Reached skill level 1 in Invocations
  6529 | D:5      | Reached skill level 6 in Bows
  6529 | D:5      | Reached skill level 2 in Invocations
  6886 | D:5      | Found an iron altar of Okawaru.
  6886 | D:5      | Found an opulent altar of Gozag.
  6990 | D:5      | Identified a +4 ring of evasion
  7097 | D:5      | Reached skill level 4 in Long Blades
  7333 | D:5      | Identified a +0 ring mail
  7439 | D:6      | Identified a +0 dagger
  7440 | D:6      | Identified a +0 club
  7440 | D:6      | Identified a +0 flail
  7440 | D:6      | Identified a +0 leather armour
  7477 | D:6      | Identified a +0 scale mail
  7493 | D:6      | Identified 4 scrolls of identify
  7493 | D:6      | Identified a potion of lignification
  7495 | D:6      | Identified a potion of flight
  7608 | D:6      | Noticed a boulder beetle
  7876 | D:6      | Identified a ring of poison resistance
  7889 | D:6      | Identified a +0 helmet
  7905 | D:6      | Reached skill level 3 in Invocations
  7912 | D:6      | HP: 14/56 [poisoned by a scorpion]
  7917 | D:6      | HP: 8/56 [poisoned by a scorpion]
  7936 | D:6      | Reached XP level 9. HP: 12/61 MP: 8/12
  8098 | D:6      | Identified a +0 flail
  8098 | D:6      | Identified a +0 club
  8101 | D:6      | Identified a +0 club
  8143 | D:6      | Identified a +0 whip
  8143 | D:6      | Identified a +0 robe
  8146 | D:6      | Identified a +0 whip
  8149 | D:6      | Identified a +0 spear
  8595 | D:7      | Identified a +5 short sword
  8595 | D:7      | Identified a +0 robe
  8595 | D:7      | Identified a +1 vorpal hand axe
  8595 | D:7      | Identified a +0 robe
  8595 | D:7      | Identified a +3 hand axe
  8595 | D:7      | Identified a +0 robe
  8635 | D:6      | Reached * piety under Fedhas
  8636 | D:6      | Reached skill level 7 in Bows
  8763 | D:7      | Found Weaqil's General Store.
  8771 | D:7      | Bought a scroll of identify for 24 gold pieces
  8771 | D:7      | Bought a scroll of teleportation for 36 gold pieces
  8771 | D:7      | Bought a scroll of immolation for 42 gold pieces
  8771 | D:7      | Identified a potion of resistance
  8772 | D:7      | Identified a potion of attraction
  8773 | D:7      | Identified a scroll of torment
  8774 | D:7      | Identified 2 scrolls of noise
  8775 | D:7      | Identified 2 scrolls of fog
  8788 | D:7      | Identified a +0 whip
  8788 | D:7      | Identified a +0 robe
  8789 | D:7      | Found Mis Wack's Jewellery Boutique.
  8792 | D:7      | Identified a +0 spear
  8794 | D:7      | Identified a +0 flail
  8794 | D:7      | Identified a +0 whip
  8917 | D:7      | Found Jeazommupni's Weapon Shoppe.
  8979 | D:7      | Reached skill level 5 in Long Blades
  9105 | D:7      | Identified a scroll of holy word
  9144 | D:7      | Found Cugi's Antique Weapon Boutique.
  9147 | D:7      | Identified a +0 long sword
  9147 | D:7      | Identified a +0 leather armour
  9147 | D:7      | Noticed a deep elf pyromancer
  9178 | D:7      | Identified a +0 flail
  9178 | D:7      | Identified a +0 ring mail
  9207 | D:7      | Killed a deep elf pyromancer
  9208 | D:7      | Reached skill level 4 in Invocations
  9210 | D:7      | Identified a +1 dagger of freezing
  9210 | D:7      | Identified a +0 robe
  9214 | D:7      | Identified a +1 dagger of venom
  9214 | D:7      | Identified a +0 robe
  9214 | D:7      | Identified a +0 trident
  9276 | D:7      | Identified a +0 dagger
  9276 | D:7      | Identified a +0 leather armour
  9470 | D:7      | Identified a +0 hand axe
  9470 | D:7      | Identified a +0 chain mail
  9474 | D:7      | Identified a +0 dagger
  9474 | D:7      | Identified a +0 robe
  9492 | D:7      | HP: 8/61 [orc warrior (14)]
  9502 | D:7      | Reached skill level 8 in Bows
  9629 | D:7      | Identified a +0 shortbow
  9784 | D:7      | Identified a +0 falchion
  9788 | D:7      | Identified a +0 giant club
  9834 | D:7      | Reached skill level 6 in Long Blades
  9908 | D:7      | Found Ujeo's Jewellery Shop.
  9964 | D:7      | Identified a +0 spear
  9966 | D:7      | Identified a +0 club
  9966 | D:7      | Identified a +0 robe
  9968 | D:7      | Identified a +0 whip
  9970 | D:7      | Identified a +0 spear
  9971 | D:7      | Identified a +0 spear
 10234 | D:7      | Found a runed translucent door.
 10234 | D:7      | Identified a +3 quarterstaff of chaos
 10234 | D:7      | Identified a +2 cloak
 10234 | D:7      | Noticed Crazy Yiuf
 10365 | D:7      | Killed Crazy Yiuf
 10365 | D:7      | Reached ** piety under Fedhas
 10491 | D:8      | Found Diel's General Store.
 10500 | D:8      | Bought a potion of invisibility for 88 gold pieces
 10504 | D:8      | Identified a +0 whip
 10504 | D:8      | Identified a +0 ring mail
 10504 | D:8      | Identified a +0 hand axe
 10506 | D:8      | Identified a +0 dagger
 10523 | D:8      | Identified 2 scrolls of silence
 10539 | D:8      | Identified a +0 giant spiked club
 10539 | D:8      | Identified a +0 giant club
 10539 | D:8      | Noticed a two-headed ogre
 10547 | D:8      | Identified a +0 leather armour
 10615 | D:8      | Reached XP level 10. HP: 64/67 MP: 10/13
 10774 | D:8      | Identified a +0 dagger
 10774 | D:8      | Identified a +0 robe
 10775 | D:8      | Identified a +0 dagger
 10775 | D:8      | Identified a +0 robe
 10885 | D:8      | Noticed a cyclops
 10936 | D:8      | HP: 24/100 [cyclops (7)]
 10942 | D:8      | HP: 21/100 [cyclops (4)]
 10958 | D:8      | Killed a cyclops
 10959 | D:8      | Reached skill level 7 in Long Blades
 11065 | D:8      | Identified a +0 dagger
 11070 | D:8      | Identified a +0 dagger
 11070 | D:8      | Identified a +0 robe
 11110 | D:8      | Identified a +0 flail
 11110 | D:8      | Identified a +0 chain mail
 11110 | D:8      | Identified a +0 club
 11111 | D:8      | Identified a +0 short sword
 11111 | D:8      | Identified a +0 ring mail
 11111 | D:8      | Identified a +0 flail
 11111 | D:8      | Identified a +0 leather armour
 11128 | D:8      | HP: 13/67 [orc priest/divine providence (11)]
 11135 | D:8      | HP: 13/67 [orc (3)]
 11165 | D:8      | Found a flagged portal.
 11209 | Bailey   | Entered a bailey
 11271 | Bailey   | Identified a +0 arbalest
 11271 | Bailey   | Identified a +0 ring mail
 11272 | Bailey   | Identified a +0 arbalest
 11272 | Bailey   | Identified a +0 scale mail
 11280 | Bailey   | Identified a +0 arbalest
 11280 | Bailey   | Identified a +0 scale mail
 11369 | Bailey   | Identified a +0 arbalest
 11369 | Bailey   | Identified a +0 scale mail
 11428 | Bailey   | HP: 5/67 [orc warrior/bolt (17)]
 11509 | D:8      | Identified a +1 spear of pain
 11509 | D:8      | Identified a +0 scale mail
 11512 | D:8      | Identified a +0 flail
 11512 | D:8      | Identified a ring of wizardry
 11514 | D:8      | Identified a +0 spear
 11517 | D:8      | Identified a +0 flail
 11517 | D:8      | Identified a +0 whip
 11517 | D:8      | Identified a +0 triple crossbow
 11565 | D:8      | Identified a +0 flail
 11941 | D:8      | Killed a two-headed ogre
 11942 | D:8      | Reached skill level 8 in Long Blades
 12176 | D:8      | HP: 16/67 [slime creature (4)]
 12184 | D:8      | Reached skill level 9 in Bows
 12308 | D:8      | Identified a +0 quarterstaff
 12342 | D:8      | Identified a scroll of summoning
 12343 | D:8      | Identified 2 scrolls of magic mapping
 12351 | D:8      | Identified a +4 glaive
 12453 | D:8      | Bought a scroll of identify for 22 gold pieces
 12453 | D:8      | Identified a potion of degeneration
 12828 | D:8      | HP: 3/67 [steam dragon/ball of steam (20)]
 13240 | D:9      | Reached skill level 9 in Long Blades
 13413 | D:9      | Identified a +0 dagger
 13413 | D:9      | Identified a +0 leather armour
 13413 | D:9      | Identified a +0 dagger
 13413 | D:9      | Identified a +0 robe
 13415 | D:9      | Identified a +0 hand axe
 13423 | D:9      | Reached skill level 2 in Armour
 13500 | D:9      | Reached skill level 4 in Dodging
 13571 | D:9      | Learned a level 2 spell: Blink
 13575 | D:9      | Learned a level 3 spell: Mephitic Cloud
 13616 | D:9      | Reached skill level 3 in Fighting
 13654 | D:9      | Reached *** piety under Fedhas
 13660 | D:9      | HP: 17/70 [yak (11)]
 13667 | D:9      | HP: 12/70 [yak (6)]
 13695 | D:9      | Reached XP level 11. HP: 24/75 MP: 4/14
 13962 | D:9      | Reached skill level 1 in Air Magic
 13998 | D:9      | Identified a +0 trident
 13998 | D:9      | Identified a +0 chain mail
 14001 | D:9      | Identified a +0 club
 14002 | D:9      | Identified a +0 mace of protection
 14002 | D:9      | Identified a +0 chain mail
 14003 | D:9      | Identified a +0 falchion
 14003 | D:9      | Identified a +0 ring mail
 14036 | D:9      | Identified a potion of magic
 14113 | D:9      | Reached skill level 1 in Translocations
 14113 | D:9      | Reached skill level 1 in Poison Magic
 14273 | D:9      | Identified a +0 dagger
 14273 | D:9      | Identified a +0 robe
 14273 | D:9      | Identified a +0 hand axe of flaming
 14273 | D:9      | Identified a +0 dagger
 14273 | D:9      | Identified a +0 ring mail
 14274 | D:9      | Identified a +0 short sword
 14275 | D:9      | Identified a +0 whip
 14471 | D:9      | Identified a +0 spear
 14472 | D:9      | Identified a +0 club
 14472 | D:9      | Identified a +0 leather armour
 14472 | D:9      | Identified a +0 spear
 14476 | D:9      | Identified a +0 flail
 14486 | D:9      | Identified a +0 whip
 14671 | D:9      | Identified a potion of haste
 14749 | D:7      | Bought a runed shortbow for 126 gold pieces
 14749 | D:7      | Identified a +2 vorpal shortbow (You bought it in a shop on
                  | level 7 of the Dungeon)
 14944 | D:9      | Identified a +0 shortbow
 14944 | D:9      | Identified a +0 shortbow
 15025 | D:10     | Entered Level 10 of the Dungeon
 15064 | D:10     | Found Katergh's Book Boutique.
 15186 | D:10     | Identified the +8 plate armour of Nojueg Mieli {Str+3}
 15215 | D:10     | Identified a +0 flail
 15216 | D:10     | Identified a +1 hand axe of freezing
 15217 | D:10     | Identified a +0 dagger
 15217 | D:10     | Identified a +0 robe
 15217 | D:10     | Identified a +0 short sword
 15217 | D:10     | Identified a +0 short sword
 15217 | D:10     | Identified a +0 ring mail
 15298 | D:10     | HP: 13/75 [vampire mosquito (7)]
 15304 | D:10     | HP: 8/75 [vampire mosquito (7)]
 15316 | D:10     | Identified a scroll of acquirement
 15316 | D:10     | Acquired a +3 vorpal longbow
 15324 | D:10     | HP: 11/75 [vampire mosquito (8)]
 15325 | D:10     | Identified a scroll of vulnerability
 15541 | D:10     | Identified a +0 trident
 15541 | D:10     | Identified a +0 scale mail
 15544 | D:10     | Identified a +0 whip
 15665 | D:10     | Identified a +0 giant club
 15665 | D:10     | Identified a +0 giant club
 15665 | D:10     | Noticed a two-headed ogre
 15696 | D:10     | Killed a two-headed ogre
 15798 | D:10     | Identified a +0 club
 15800 | D:10     | Identified a +0 dagger
 15800 | D:10     | Identified a +0 short sword
 15800 | D:10     | Identified a +0 plate armour
 15800 | D:10     | Identified a +0 hand axe
 15800 | D:10     | Identified a +0 ring mail
 15830 | D:10     | Found Zin's Purification Station.
 15852 | D:10     | Found Uwnuech's Antique Weapon Shoppe.
 15880 | D:10     | Found Osisal's Antique Weapon Boutique.
 15889 | D:10     | Found a staircase to the Lair.
 15990 | D:10     | Identified a +0 club
 15990 | D:10     | Identified a +0 spear
 15993 | D:10     | Reached **** piety under Fedhas
 16068 | D:10     | Identified a +0 ring mail of cold resistance
 16129 | D:10     | Reached skill level 10 in Bows
 16290 | D:10     | Identified a +3 long sword
 16428 | D:11     | Identified a +0 dire flail
 16428 | D:11     | Identified a +0 giant club
 16428 | D:11     | Noticed a two-headed ogre
 16444 | D:10     | Killed a two-headed ogre
 16458 | D:11     | Identified a +0 short sword
 16458 | D:11     | Identified a +0 short sword
 16458 | D:11     | Identified a +0 morningstar
 16458 | D:11     | Identified a +0 leather armour
 16459 | D:11     | Identified a +0 club
 16463 | D:11     | Identified a +0 giant spiked club
 16463 | D:11     | Identified a +0 robe
 16463 | D:11     | Noticed Erolcha
 16468 | D:11     | Identified a +0 whip
 16468 | D:11     | Identified a +0 ring mail
 16470 | D:11     | Identified a +0 hand axe
 16470 | D:11     | Identified a +0 falchion
 16472 | D:11     | Killed Erolcha
 16472 | D:11     | Identified a +0 flail
 16472 | D:11     | Identified a +0 ring mail
 16473 | D:11     | Identified a +0 club
 16473 | D:11     | Identified a +0 ring mail
 16476 | D:11     | Identified a +0 club
 16479 | D:11     | Identified a +0 mace
 16479 | D:11     | Identified a +0 hand axe
 16483 | D:11     | Identified a +0 mace
 16483 | D:11     | Identified a +0 leather armour
 16488 | D:11     | Identified a +1 mace of protection
 16491 | D:11     | Identified a +0 hand axe
 16499 | D:11     | Identified a +0 trident of flaming
 16499 | D:11     | Identified a +0 chain mail
 16507 | D:11     | Reached skill level 11 in Bows
 16558 | D:11     | Identified a +0 falchion
 16703 | D:11     | Identified a +0 leather armour
 16710 | D:11     | Identified a +0 short sword
 16710 | D:11     | Identified a +0 cloak
 16710 | D:11     | Noticed Maurice
 16719 | D:11     | Killed Maurice
 16810 | D:11     | Identified a +0 giant club
 16810 | D:11     | Identified a +0 giant club
 16810 | D:11     | Noticed a two-headed ogre
 16816 | D:11     | Killed a two-headed ogre
 16852 | D:11     | Identified a +0 dagger of venom
 16852 | D:11     | Identified a +0 robe
 16888 | D:11     | Identified a +3 long sword of venom
 16888 | D:11     | Identified a +0 ring mail
 16888 | D:11     | Identified a +0 kite shield of protection
 16888 | D:11     | Noticed a tengu warrior
 16900 | D:11     | HP: 18/75 [tengu warrior (16)]
 16901 | D:11     | HP: 6/75 [tengu warrior (3)]
 16901 | D:11     | Identified a +0 longbow
 16901 | D:11     | Noticed a centaur warrior
 16902 | D:11     | Identified a potion of might
 16902 | D:11     | HP: 1/75 [poisoned by a tengu warrior]
 16903 | D:11     | Slain by a tengu warrior

Table legend: (Time is in decaauts)
 A = Elapsed time spent in this place.
 B = Non-inter-level travel time spent in this place.
 C = Inter-level travel time spent in this place.
 D = Time resting spent in this place.
 E = Time spent auto-exploring this place.
 F = Levels seen in this place.
 G = Mean time per level.
                   A        B        C        D        E       F      G
               +--------+--------+--------+--------+--------+-----+--------+
         Total |  17081 |  15845 |   1236 |   3651 |   6604 |  13 | 1313.9 |
       Dungeon |  16790 |  15562 |   1228 |   3501 |   6558 |  11 | 1526.4 |
        Temple |     73 |     65 |      8 |      0 |     46 |   1 |   73.0 |
        Bailey |    216 |    216 |      0 |    150 |      0 |   1 |  216.0 |
               +--------+--------+--------+--------+--------+-----+--------+

Top non-repeatable levels by time:
     D:8: 2484 daAuts
     D:1: 1783 daAuts
     D:9: 1737 daAuts
     D:7: 1659 daAuts
     D:4: 1644 daAuts
     D:5: 1553 daAuts
    D:10: 1421 daAuts
     D:2: 1365 daAuts
     D:6: 1342 daAuts
     D:3: 1305 daAuts
    D:11: 493 daAuts
  Bailey: 216 daAuts
  Temple: 73 daAuts

Table legend:
 A = Kills in this place as a percentage of kills in entire the game.
 B = Kills by you in this place as a percentage of kills by you in the entire game.
 C = Kills by friends in this place as a percentage of kills by friends in the entire game.
 D = Other kills in this place as a percentage of other kills in the entire game.
 E = Experience gained in this place as a percentage of experience gained in the entire game.
 F = Experience gained in this place divided by the number of levels of this place that you have seen.
                   A       B       C       D       E      F
               +-------+-------+-------+-------+-------+----------------------
         Total | 100.0 | 100.0 | 100.0 | 100.0 | 100.0 | 1644.5
       Dungeon |  99.3 |  99.3 | 100.0 | 100.0 |  99.4 | 1931.8
        Bailey |   0.7 |   0.7 |   0.0 |   0.0 |   0.6 | 128.0
               +-------+-------+-------+-------+-------+----------------------

Skill      XL: |  1  2  3  4  5  6  7  8  9 10 11 |
---------------+----------------------------------+-----
Bows           | 2 3 4 5 6 8 9 11 | 11.4
Fighting       | 1 2 3 |  3.4
Stealth        | 1 2 3 4 |  4.2
Short Blades   | 1 2 |  2.9
Armour         | 1 2 |  2.5
Dodging        | 3 4 |  4.4
Spellcasting   | 2 |  2.0
Long Blades    | 1 2 4 6 9 |  9.5
Hexes          | 6 |  6.0
Invocations    | 3 4 |  4.6
Air Magic      | 1 |  1.5
Translocations | 1 |  1.2
Poison Magic   | 1 |  1.1
Conjurations   | |  0.9

Action                   |  1- 3 |  4- 6 |  7- 9 | 10-12 || total
-------------------------+-------+-------+-------+-------++-------
Melee: Dagger            |     4 |     1 |       |    42 ||    47
       Unarmed           |     3 |       |       |       ||     3
       Short sword       |   349 |    80 |    43 |       ||   472
       Bite              |    57 |     7 |    49 |    48 ||   161
       Long sword        |       |       |   333 |   334 ||   667
 Fire: Shortbow          |    17 |    54 |   204 |   198 ||   473
       Longbow           |       |       |       |   183 ||   183
Throw: Javelin           |     5 |    14 |     8 |    29 ||    56
       Dart              |       |       |    16 |    52 ||    68
       Throwing net      |       |       |       |     2 ||     2
 Cast: Corona            |     1 |    13 |    21 |    30 ||    65
       Slow              |     3 |    17 |    59 |    53 ||   132
       Cause Fear        |       |       |       |     4 ||     4
Invok: Wall of Briars    |       |       |       |     5 ||     5
Evoke: Wand              |       |    15 |    21 |     1 ||    37
  Use: Potion            |       |     5 |       |     8 ||    13
       Scroll            |       |       |    11 |    16 ||    27
 Stab: Sleeping          |     2 |       |     3 |     1 ||     6
Armor: Robe              |     8 |       |       |       ||     8
       Leather armour    |    38 |    23 |    77 |    97 ||   235
       Skin              |       |       |       |     3 ||     3
Dodge: Dodged            |    91 |    97 |   373 |   535 ||  1096
Block: Other             |       |       |   132 |   148 ||   280
       Reflection        |       |       |     8 |     6 ||    14
       Rpst.: Long sword |       |       |    87 |    81 ||   168

Vanquished Creatures
  Erolcha (D:11)
  4 two-headed ogres
  A deep elf pyromancer (D:7)
  A cyclops (D:8)
  3 centaur zombies
  Maurice (D:11)
  A komodo dragon (D:10)
  A queen bee (D:10)
  A meliai zombie (D:11)
  A slime creature (D:8)
  Sigmund (D:3)
  2 shadows
  A wraith (D:11)
  A steam dragon (D:9)
  20 yaks
  4 vampire mosquitoes
  A water moccasin (D:8)
  5 orc warriors
  An ice beast (D:7)
  2 black bears
  2 necrophages
  2 ogres
  A sky beast (D:7)
  4 centaurs
  A phantom (D:4)
  3 bullfrogs
  A scorpion (D:6)
  2 gnoll sergeants
  24 killer bees
  3 wights
  An electric eel (D:10)
  3 howler monkeys
  A bullfrog zombie (D:5)
  4 gnoll shamans
  4 hounds
  2 jellies
  Crazy Yiuf (D:7)
  6 orc priests
  3 bullfrog skeletons
  3 iguanas
  Natasha (thrice) (D:2)
  10 orc wizards
  23 gnolls
  10 adders
  A river rat (D:4)
  2 shadow imps
  A white imp (D:6)
  2 worms (D:4)
  3 dart slugs
  47 orcs
  6 ball pythons
  6 bats
  5 endoplasms
  4 giant cockroaches
  5 goblins
  6 hobgoblins
  4 jackals (D:4)
  10 kobolds
  2 quokkas (D:1)
  2 frilled lizards
  6 rats
  A bush (D:1)
283 creatures vanquished.

Vanquished Creatures (collateral kills)
  A steam dragon (D:8)
  A vampire mosquito (D:10)
  5 killer bees (D:10)
7 creatures vanquished.

Vanquished Creatures (others)
  A basilisk (D:8)
  5 plants
6 creatures vanquished.

Grand Total: 296 creatures vanquished
